 Dungeon Crawl Stone Soup version 0.31-a0-1172-g9944ec47dd (webtiles) character file.

Game seed: 6134952397039560191

679 whatisthis the Stinger (level 7, -8/50 HPs)
             Began as a Ghoul Venom Mage on Dec 10, 2023.
             Was an Initiate of Kikubaaqudgha.
             Mangled by a wyvern zombie (14 damage)
             ... on level 5 of the Dungeon.
             The game lasted 00:25:29 (7349 turns).

whatisthis the Stinger (Ghoul Venom Mage)           Turns: 7349, Time: 00:25:31

Health: -8/50      AC:  3    Str: 12    XL:     7   Next: 60%
Magic:  21/21      EV: 12    Int: 16    God:    Kikubaaqudgha [......]
Gold:   200        SH:  0    Dex:  9    Spells: 5/14 levels left

rFire   . . .        m - +0 dagger (venom)
rCold   + . .        (no shield)
rNeg    + + +        a - +0 robe
rPois   ∞            i - +0 helmet {SInv}
rElec   .            (no cloak)
rCorr   +            (no gloves)
SInv    +            (no boots)
Will    .....        B - amulet of magic regeneration
Stlth   ++           y - ring of magical power
HPRegen 0.00/turn    A - ring of resist corrosion
MPRegen 0.57/turn

%: no passive effects
@: inhibited regen
A: claws 1, cold resistance 1, negative energy resistance 3, inhibited
regeneration, torment resistance 2, devour on kill
a: Renounce Religion


You were on level 5 of the Dungeon.
You worshipped Kikubaaqudgha.
Kikubaaqudgha was noncommittal.
You visited 2 branches of the dungeon, and saw 6 of its levels.

You collected 200 gold pieces.

Inventory:

Hand Weapons
 c - a +1 dagger of speed
 m - a +0 dagger of venom (weapon)
Missiles
 g - 21 stones (quivered)
 o - 5 poisoned darts
 r - 2 throwing nets
Armour
 a - a +0 robe (worn)
 i - a +0 helmet of see invisible (worn)
Jewellery
 y - a ring of magical power (left claw)
 A - a ring of resist corrosion (right claw)
 B - an amulet of magic regeneration (around neck)
Wands
 q - a wand of charming (6)
 x - a wand of roots (6)
 z - a wand of flame (1)
Scrolls
 d - a scroll of enchant armour
 e - a scroll of fog {unknown}
 h - a scroll of silence {unknown}
 k - 5 scrolls of vulnerability
 l - a scroll of fear {unknown}
 n - a scroll of immolation {unknown}
 s - a scroll of revelation {unknown}
 t - 4 scrolls of teleportation
 u - a scroll of poison {unknown}
 v - 2 scrolls of blinking {unknown}
 w - a scroll of noise {unknown}
Potions
 b - a potion of magic
 f - a potion of enlightenment
 j - 2 potions of might
 p - 3 potions of curing


   Skills:
 - Level 1.7 Dodging
 - Level 2.1 Stealth
 + Level 4.2 Spellcasting
 - Level 2.4 Transmutations
 + Level 2.8 Air Magic
 + Level 5.4 Poison Magic


You had 5 spell levels left.
You knew the following spells:

 Your Spells              Type           Power      Damage    Failure   Level
a - Sting                 Tmut/Pois      64%        1d6       3%          1
b - Poisonous Vapours     Pois/Air       32%        N/A       4%          2
c - Mephitic Cloud        Conj/Pois/Air  12%        N/A       16%         3
d - Ignite Poison         Fire/Tmut/Pois 11%        N/A       17%         3

Your spell library contained the following spells:

 Spells                   Type           Power      Damage    Failure   Level
 Cigotuvi's Dreadful Rot  Necr/Pois/Air  24%        N/A       8%          2
 Passwall                 Tmut/Erth      5%         N/A       16%         2
 Swiftness                Air            12%        N/A       16%         3
 Olgreb's Toxic Radiance  Pois           20%        N/A       17%         4
 Ensorcelled Hibernation  Hex/Ice        6%         N/A       26%         2
 Freezing Cloud           Conj/Ice/Air   3%         6-21      97%         5


Dungeon Overview and Level Annotations

Branches:
Dungeon (5/15)             Temple (1/1) D:5

Altars:
Ashenzari
Cheibriados
Dithmenos
Gozag
Hepliaklqana
Kikubaaqudgha
Makhleb
Nemelex Xobeh
Qazlal
Ru
Sif Muna
Trog
Uskayaw
Xom
Yredelemnul

Annotations:
D:2 1 runed translucent door, Crazy Yiuf
D:5 1 runed translucent door, TransRights's ghost, novice MiFi


Innate Abilities, Weirdness & Mutations

You are immune to poison.
You have sharp fingernails.
Your flesh is cold resistant. (rC+)
You are immune to negative energy. (rN+++)
You do not regenerate when monsters are visible.
You are immune to unholy pain and torment.
You thrive by killing the living.


Message History

Press: ? - help, Shift-Dir - straight line, f/p - wyvern zombie
Aim: a wyvern zombie (moderately damaged, 89% to hit)
The puff of flame hits the wyvern zombie!
The wyvern zombie is moderately damaged.
The wyvern zombie bites you.
Aiming: Throw Flame
Press: ? - help, Shift-Dir - straight line, f/p - wyvern zombie
Aim: a wyvern zombie (moderately damaged, 89% to hit)
The puff of flame hits the wyvern zombie!
The wyvern zombie is heavily damaged.
The wyvern zombie closely misses you. The wyvern zombie bites you!
Aiming: Throw Flame
Press: ? - help, Shift-Dir - straight line, f/p - wyvern zombie
Aim: a wyvern zombie (heavily damaged, 89% to hit)
The puff of flame hits the wyvern zombie.
The wyvern zombie is severely damaged.
The wyvern zombie bites you but does no damage.
Aiming: Throw Flame
Press: ? - help, Shift-Dir - straight line, f/p - wyvern zombie
Aim: a wyvern zombie (severely damaged, 89% to hit)
The puff of flame hits the wyvern zombie.
The wyvern zombie is severely damaged.
The wyvern zombie bites you!
* * * LOW HITPOINT WARNING * * *
Okay, then.
Unknown command.
Aiming: Throw Flame
Press: ? - help, Shift-Dir - straight line, f/p - wyvern zombie
Aim: a wyvern zombie (severely damaged, 89% to hit)
The puff of flame hits the wyvern zombie.
The wyvern zombie is almost destroyed.
The wyvern zombie closely misses you.
Aiming: Throw Flame
Press: ? - help, Shift-Dir - straight line, f/p - wyvern zombie
Aim: a wyvern zombie (almost destroyed, 89% to hit)
The puff of flame hits the wyvern zombie.
The wyvern zombie is almost destroyed.
The wyvern zombie bites you!
You die...
Kikubaaqudgha rasps: "You have failed me!
Welcome... oblivion!"

#.#
#..........~~~~~~~..#
# #.#
#.###.##...~§~>~~§#.#
# ..#.....~~§~~~§..#
# ###.##....~~~~~...#
#
..........~~~..#.###
###.###..#####.......
#. #.## ##...###
...###.###..#
###.#####
.P.....@Z..#
#...#...# ##.#
..P###.###.#
#.......# .Oo# #. #.#
#....#...# #. #.#
#######.## # .. #.#
#.# # ## #.# #.# #
#.#########!# #
#...........# #
#############


You could see a wyvern zombie.

Vanquished Creatures
  An ogre (D:4)
  5 hounds
  A centaur skeleton (D:5)
  Natasha (thrice) (D:2)
  3 iguanas (D:5)
  14 gnolls
  5 adders
  A worm (D:4)
  4 dart slugs
  5 bats
  6 endoplasms
  5 giant cockroaches
  9 hobgoblins
  5 quokkas
  6 ball pythons
  8 frilled lizards
  8 goblins
  4 kobolds (D:1)
  A rat (D:3)
94 creatures vanquished.

Notes
Turn   | Place    | Note
-------+----------+-------------------------------------------
     0 | D:1      | whatisthis the Ghoul Venom Mage began the quest for the
                  | Orb.
     0 | D:1      | Reached XP level 1. HP: 14/14 MP: 2/2
    88 | D:1      | Reached skill level 1 in Transmutations
   222 | D:1      | Reached XP level 2. HP: 20/20 MP: 2/4
   245 | D:1      | Learned a level 2 spell: Poisonous Vapours
   672 | D:1      | Reached XP level 3. HP: 22/26 MP: 3/5
  1754 | D:2      | Reached XP level 4. HP: 21/33 MP: 0/6
  1879 | D:2      | Found a runed translucent door.
  1880 | D:2      | Noticed Crazy Yiuf
  1936 | D:2      | Noticed Natasha
  1954 | D:2      | Killed Natasha
  2233 | D:2      | Reached skill level 4 in Poison Magic
  2233 | D:2      | Reached XP level 5. HP: 38/38 MP: 0/8
  2605 | D:2      | Noticed Natasha
  2612 | D:2      | Killed Natasha
  3203 | D:2      | Noticed Natasha
  3215 | D:2      | Killed Natasha
  3345 | D:3      | Learned a level 3 spell: Mephitic Cloud
  3400 | D:2      | HP: 1/38 [hound (4)]
  3409 | D:2      | Reached skill level 1 in Air Magic
  3594 | D:2      | Reached XP level 6. HP: 31/45 MP: 4/10
  4424 | D:3      | Found a hide-covered altar of Uskayaw.
  5558 | D:4      | Reached skill level 5 in Poison Magic
  5558 | D:4      | Reached XP level 7. HP: 45/50 MP: 9/11
  5648 | D:4      | Learned a level 3 spell: Ignite Poison
  6157 | D:4      | Found a broken altar of Ashenzari.
  6362 | D:5      | Entered Level 5 of the Dungeon
  6416 | D:5      | Identified the +4 quarterstaff "Noubul" {flame, Str+2}
  6614 | D:5      | Found a staircase to the Ecumenical Temple.
  6641 | Temple   | Entered the Ecumenical Temple
  6650 | Temple   | Became a worshipper of Kikubaaqudgha
  7039 | D:5      | Found a runed translucent door.
  7042 | D:5      | Noticed TransRights's ghost (novice MiFi)
  7349 | D:5      | Mangled by a wyvern zombie

Illustrated notes

Levels and vault maps discovered:
D:1:      saegor_arrival_simple_e, layout_loops_ring
D:2:      layout_loops_ring, serial_aquarium, aquarium_bridge_long_joined
          [aquarium_subvault_wall, aquarium_subvault_bridge,
          aquarium_subvault_window, aquarium_subvault_wall,
          aquarium_subvault_wall, aquarium_subvault_bridge],
          aquarium_window_corner, aquarium_window_3, aquarium_window_fake,
          aquarium_view_2f, aquarium_view_2d, aquarium_balcony_3b, uniq_natasha,
          uniq_crazy_yiuf_cottage
D:3:      layout_rooms, lemuel_tele_altar, st_stairs_4, cheibrodos_gnoll_hut
D:4:      layout_basic, kennysheep_mini, lightli_ossuary_entry_decrepit_ruins,
          hangedman_glass_teeth
D:5:      layout_loops_ring, mainiacjoe_overflow_brackets,
          minmay_temple_entry_mist, hellmonk_ghost_happy_afterlife,
          serial_undead, serial_undead_a, serial_undead_d, serial_undead_b,
          serial_undead_e, skrybe_limestone_x, minivault_11,
          minmay_crystal_water
Temple:   hellmonk_temple_two_chambers

Skill      XL: |  1  2  3  4  5  6  7 |
---------------+----------------------+-----
Transmutations | 1 2 |  2.4
Spellcasting   | 2 3 4 |  4.2
Poison Magic   | 4 5 |  5.4
Air Magic      | 1 2 |  2.8
Dodging        | |  1.7
Stealth        | |  2.1

Action                     |  1- 3 |  4- 6 |  7- 9 || total
---------------------------+-------+-------+-------++-------
  Melee: Dagger            |    54 |    55 |    23 ||   132
         Unarmed           |     1 |       |       ||     1
         Punch             |       |     2 |       ||     2
   Cast: Sting             |    37 |    39 |    20 ||    96
         Poisonous Vapours |    14 |    67 |    38 ||   119
         Mephitic Cloud    |       |     1 |     1 ||     2
         Ignite Poison     |       |       |     3 ||     3
  Evoke: Wand              |       |       |    12 ||    12
    Use: Potion            |       |     1 |       ||     1
         Scroll            |       |       |     7 ||     7
   Stab: Sleeping          |       |     2 |       ||     2
 Armour: Robe              |    37 |    55 |    41 ||   133
  Dodge: Dodged            |    29 |    58 |    33 ||   120

Table legend: (Time is in decaauts)
 A = Elapsed time spent in this place.
 B = Non-inter-level travel time spent in this place.
 C = Inter-level travel time spent in this place.
 D = Time resting spent in this place.
 E = Time spent auto-exploring this place.
 F = Levels seen in this place.
 G = Mean time per level.
                   A        B        C        D        E       F      G
               +--------+--------+--------+--------+--------+-----+--------+
         Total |   7337 |   6880 |    457 |   2112 |   2805 |   6 | 1222.8 |
       Dungeon |   7268 |   6811 |    457 |   2096 |   2805 |   5 | 1453.6 |
        Temple |     69 |     69 |      0 |     16 |      0 |   1 |   69.0 |
               +--------+--------+--------+--------+--------+-----+--------+

Top non-repeatable levels by time:
     D:2: 2079 daAuts
     D:4: 1716 daAuts
     D:1: 1492 daAuts
     D:3: 1272 daAuts
     D:5: 706 daAuts
  Temple: 69 daAuts
